Map: 2000 Atmospheres LE

Players

DRG - Winner!

  • Race: Zerg Zerg

Spirit (souL)

  • Race: Terran Terran

Event: TSL 8

VOD

Have the link to the VOD?

Description

Time

  • Played on: Dec. 4, 2021, 8:10 a.m.
  • Length: 10:33

All games in this series

Show
View Real Time Build Order
Export as new Build Order

DRG Zerg - Winner!

Build Orders: Pool First 

Get SALT Encoding   

  12  0:00  Drone  
  13  0:12  Overlord  
  13  0:17  Drone  
  14  0:30  Drone x2  
  16  0:40  Spawning Pool  
  15  0:43  Drone  
  15  0:47  Drone  
  17  1:08  Hatchery  
  17  1:11  Drone  
  17  1:25  Extractor  
  17  1:27  Zergling x4  
  17  1:28  Zergling x2  
  17  1:31  Queen  
  21  1:38  Overlord  
  21  1:49  Drone  
  22  1:59  Drone  
  23  2:06  Queen  
  25  2:10  Drone  
  26  2:20  Queen  
  26  2:22  Drone x2  
  30  2:32  Drone  
  31  2:39  Drone x2  
  31  2:42  Drone  
  31  2:43  Drone x2  
  35  2:45  Overlord  
  35  2:52  Metabolic Boost  
  35  2:56  Drone  
  35  3:05  Hatchery  
  34  3:07  Drone  
  34  3:09  Drone x2  
  37  3:14  Drone  
  37  3:17  Queen  
  40  3:23  Drone  
  40  3:26  Drone  
  42  3:27  Drone x2  
  42  3:32  Overlord  
  44  3:41  Overlord  
  44  3:45  Overlord  
  44  3:51  Drone x4  
  44  3:53  Queen  
  50  3:57  Overlord  
  50  3:58  Drone  
  50  3:59  Drone  
  52  4:03  Drone x5  
  52  4:07  Zergling x2  
  58  4:16  Queen  
  60  4:17  Drone  
  60  4:20  Drone  
  60  4:23  Drone  
  60  4:24  Drone x3  
  66  4:27  Zergling x2  
  66  4:29  Overlord  
  66  4:30  Drone  
  66  4:31  Queen  
  68  4:32  Drone x3  
  73  4:39  Lair  
  73  4:40  Overlord  
  73  4:41  Drone x2  
  73  4:43  Extractor  
  73  4:44  Extractor  
  72  4:54  Drone x3  
  72  4:55  Overlord  
  72  4:56  Drone x5  
  72  4:58  Extractor  
  72  4:59  Extractor x2  
  77  5:02  Drone  
  77  5:03  Queen  
  77  5:05  Drone x4  
  84  5:08  Queen  
  86  5:14  Drone x3  
  86  5:17  Spore Crawler  
  86  5:18  Spore Crawler  
  86  5:19  Spore Crawler  
  86  5:24  Drone  
  87  5:30  Drone  
  87  5:31  Drone x4  
  87  5:33  Drone  
  87  5:34  Drone x2  
  87  5:35  Drone  
  96  5:41  Spire, Hatchery  
  94  5:44  Queen  
  94  5:48  Overlord  
  96  5:52  Overlord  
  96  5:55  Drone  
  97  5:58  Spore Crawler  
  97  5:59  Overlord  
  97  6:00  Queen, Spore Crawler  
  97  6:02  Overlord  
  97  6:06  Overlord  
  97  6:08  Queen  
  99  6:19  Drone  
  99  6:22  Baneling Nest  
  99  6:28  Drone x10  
  108  6:33  Drone x4  
  107  6:55  Mutalisk x12  
  107  6:58  Zerg Flyer Weapons Level 1  
  107  7:00  Overlord  
  131  7:02  Overlord  
  131  7:05  Centrifugal Hooks, Extractor  
  131  7:07  Drone  
  131  7:09  Overlord, Evolution Chamber, Extractor  
  131  7:10  Evolution Chamber  
  131  7:11  Mutalisk x3  
  131  7:13  Zergling x2  
  135  7:15  Overlord x2  
  135  7:17  Zergling x2  
  135  7:18  Zergling x8  
  140  7:23  Mutalisk  
  140  7:24  Mutalisk  
  146  7:30  Zergling x8  
  148  7:37  Drone x5  
  148  7:43  Zerg Ground Armor Level 1, Zerg Melee Weapons Level 1  
  153  7:45  Zergling x14  
  153  7:51  Zergling x6  
  163  7:57  Mutalisk x3  
  169  8:01  Zergling x8  
  169  8:05  Zergling x6  
  169  8:08  Mutalisk  
  167  8:14  Drone x6  
  173  8:21  Mutalisk x3  
  173  8:26  Zergling x2  
  180  8:30  Zergling x2  
  180  8:33  Zergling x4  
  180  8:34  Hatchery  
  180  8:35  Overlord  
  180  8:38  Baneling  
  180  8:39  Baneling x12  
  180  8:40  Overlord  
  180  8:42  Zergling x4  
  180  8:47  Zergling x4  
  183  8:49  Baneling x9  
  181  8:56  Zergling x14  
  181  8:58  Mutalisk x3  
  181  9:00  Baneling x3  
  192  9:06  Zergling x8  
  176  9:14  Pneumatized Carapace  
  176  9:15  Zergling x18  
  163  9:19  Baneling  
  163  9:21  Mutalisk x3  
  163  9:23  Zergling x2  
  159  9:25  Zergling x6  
  159  9:29  Mutalisk  
  164  9:31  Zergling x6  
  164  9:32  Baneling  
  164  9:33  Baneling x5  
  164  9:36  Zergling x4  
  164  9:38  Baneling x5  
  167  9:39  Zergling x8  
  167  9:43  Zergling x4, Queen x2  
  170  9:46  Zergling x4  
  170  9:52  Baneling x6  
  166  9:53  Zergling x4  
  163  10:02  Zergling x12  
  163  10:05  Zergling x10  
  166  10:07  Mutalisk x4  
  166  10:09  Zergling x4  
  175  10:14  Drone x3  
Show
View Real Time Build Order
Export as new Build Order

Spirit Terran 

Build Orders: Reaper Expand 

Get SALT Encoding   

  12  0:00  SCV  
  13  0:12  SCV  
  14  0:17  Supply Depot  
  14  0:24  SCV  
  15  0:38  SCV  
  15  0:40  Barracks  
  16  0:43  Refinery  
  16  0:51  SCV  
  17  1:03  SCV  
  18  1:15  SCV  
  19  1:26  Reaper  
  19  1:27  Orbital Command  
  20  1:39  Command Center  
  20  1:50  Supply Depot  
  20  1:53  SCV  
  21  1:58  Marine  
  22  2:05  SCV  
  22  2:07  Refinery  
  23  2:16  Marine  
  23  2:17  SCV  
  26  2:30  SCV  
  26  2:34  Marine  
  27  2:42  SCV  
  27  2:44  Factory  
  27  2:52  Command Center  
  27  2:54  Barracks Reactor, SCV  
  28  3:06  SCV  
  29  3:14  Bunker  
  29  3:15  Orbital Command  
  29  3:18  SCV  
  30  3:24  Refinery  
  30  3:28  Starport, Factory Tech Lab  
  30  3:30  SCV  
  30  3:31  Marine x2  
  34  3:41  SCV  
  34  3:42  SCV  
  34  3:45  Bunker  
  35  3:52  Marine x2  
  35  3:53  SCV  
  35  3:54  SCV  
  39  4:04  Orbital Command  
  39  4:06  SCV  
  39  4:07  Fusion Core  
  41  4:14  Factory Tech Lab  
  41  4:20  Viking  
  42  4:25  Starport  
  42  4:26  SCV  
  42  4:28  SCV  
  42  4:31  SCV  
  45  4:39  SCV  
  45  4:41  SCV  
  45  4:42  Supply Depot  
  45  4:43  SCV  
  48  4:51  SCV  
  48  4:53  SCV  
  48  4:55  SCV  
  50  5:03  SCV  
  51  5:09  Marine x2  
  51  5:10  Battlecruiser  
  51  5:11  Supply Depot  
  64  5:14  Battlecruiser  
  64  5:16  SCV x2  
  64  5:17  SCV  
  67  5:27  Factory Tech Lab  
  67  5:28  SCV x2  
  67  5:29  Barracks  
  67  5:34  Barracks Tech Lab  
  69  5:36  Barracks  
  69  5:39  Supply Depot, Refinery  
  69  5:43  SCV x2, Barracks  
  69  5:45  Supply Depot  
  69  5:46  Orbital Command  
  69  5:49  Barracks  
  71  5:52  Stimpack, Marine  
  71  5:55  SCV x2  
  74  6:02  Engineering Bay x2  
  74  6:07  SCV x2  
  76  6:14  SCV  
  76  6:18  Barracks Reactor  
  77  6:19  Supply Depot, SCV x2  
  77  6:24  Barracks Reactor  
  77  6:28  SCV  
  77  6:30  Supply Depot  
  77  6:31  SCV, Barracks Reactor  
  79  6:37  SCV  
  79  6:39  Barracks Reactor  
  80  6:40  SCV, Marine x2  
  80  6:43  Terran Infantry Weapons Level 1, Marine, SCV, Terran Infantry Armor Level 1  
  83  6:48  Siege Tank  
  83  6:49  SCV  
  83  6:53  SCV  
  83  6:54  Supply Depot, Bunker  
  88  6:56  Supply Depot, SCV  
  88  6:58  Medivac x2, Marine x2  
  88  7:01  SCV, Marine x2  
  96  7:02  Marine  
  96  7:05  SCV  
  96  7:08  SCV  
  101  7:10  Supply Depot  
  101  7:16  SCV, Marine x4  
  101  7:17  SCV  
  101  7:20  SCV, Siege Tank  
  101  7:21  Marine x2  
  101  7:22  Supply Depot  
  113  7:23  Supply Depot  
  113  7:26  Refinery, Marine x3  
  116  7:31  Combat Shield  
  116  7:32  Medivac  
  116  7:34  Marine x4  
  122  7:39  Marine  
  122  7:41  Marine  
  122  7:43  Supply Depot  
  122  7:44  Marine  
  125  7:45  Supply Depot, Armory  
  125  7:49  Marine x2  
  120  7:51  Missile Turret, Marine x3  
  120  7:52  Siege Tank  
  120  7:55  Missile Turret  
  120  7:56  SCV  
  120  7:57  Missile Turret  
  119  7:58  Marine  
  113  8:06  Marine x4  
  113  8:07  Marine  
  113  8:09  Marine  
  113  8:10  SCV  
  113  8:11  SCV  
  113  8:12  Marine  
  116  8:14  Marine  
  116  8:19  Medivac  
  117  8:21  Marine  
  117  8:24  Siege Tank, Marine x4  
  117  8:26  Marine  
  125  8:28  Marine  
  126  8:34  Missile Turret  
  126  8:38  Marine x2  
  126  8:40  Marine  
  129  8:42  Marine  
  129  8:43  Marine  
  131  8:48  Marine x2  
  131  8:53  Marine x2  
  135  8:56  Marine x2  
  135  8:58  Marine  
  135  9:00  Marine x2  
  139  9:06  Marine x2  
  125  9:11  Marine  
  125  9:12  Siege Tank  
  125  9:13  Marine  
  125  9:14  Medivac, Marine x2  
  125  9:16  Marine  
  117  9:18  Marine x2  
  117  9:24  Marine x2  
  110  9:29  Medivac, Marine  
  110  9:30  Marine  
  116  9:31  Marine x2  
  116  9:33  Marine  
  116  9:36  Marine x2  
  121  9:42  Marine x2  
  121  9:44  Siege Tank  
  125  9:47  Marine  
  125  9:48  Marine  
  125  9:49  Marine x2  
  125  9:51  Marine  
  125  9:54  Marine x2  
  125  9:59  Marine  
  111  10:00  Marine  
  111  10:04  Marine  
  111  10:06  Marine  
  89  10:07  Marine x2  
  89  10:09  Marine  
  89  10:12  Marine x2  
Tags
 
Add a new tag
Caveats
  • Supply blocks, unpowered buildings, or Contaminate may cause inaccurate times.
  • Supply counts are checked every 10 seconds.